 Dungeon Crawl Stone Soup version 0.30-a0-743-gbfdf073431 (webtiles) character file.

Game seed: 1511345278479249440

6990 Newt the Skirmisher (level 11, -3/60 HPs)
             Began as a Kobold Hunter on Feb 7, 2023.
             Was a Priest of Hepliaklqana.
             Slain by an orc warrior
             ... wielding a +0 war axe
              (26 damage)
             ... in a bailey.
             The game lasted 00:10:08 (9428 turns).

Newt the Skirmisher (Kobold Hunter)                 Turns: 9428, Time: 00:10:08

Health: -3/60      AC:  8    Str: 14    XL:     11   Next: 28%
Magic:  20/20      EV: 21    Int: 10    God:    Hepliaklqana [***...]
Gold:   1027       SH:  0    Dex: 29    Spells: 19/22 levels left

rFire   x . .      SeeInvis .    a - +3 shortbow
rCold   . . .      Faith    .    (shield currently unavailable)
rNeg    . . .      Spirit   .    m - +4 leather armour "Ungi" {rPois rF- rCorr Dex+5}
rPois   +          Reflect  .    (no helmet)
rElec   .          Harm     .    (no cloak)
rCorr   +          Rampage  .    h - +0 pair of gloves
Will    .....                    (no boots)
Stlth   ++                       t - amulet of magic regeneration
HPRegen 0.30/turn                k - +5 ring of evasion
MPRegen 0.57/turn                y - +6 ring of strength

@: about to teleport, very slow
A: reduced essence, small, no large weapons, nightstalker 3
a: Renounce Religion, Recall Ancestor, Ancestor Identity, Transference


You were in a bailey.
You worshipped Hepliaklqana.
Hepliaklqana was most pleased with you.
You visited 1 branch of the dungeon, and saw 9 of its levels.
You also visited: Bailey.

You collected 1287 gold pieces.
You spent 260 gold pieces at shops.

Inventory:

Hand Weapons
 a - a +3 shortbow (weapon)
 d - a +0 club
 e - a +0 sling
Missiles
 p - 4 boomerangs of dispersal
Armour
 c - a +1 leather armour
 h - a +0 pair of gloves (worn)
 m - the +4 leather armour "Ungi" (worn) {rPois rF- rCorr Dex+5}
   (You found it on level 3 of the Dungeon)

   Dex:       It affects your dexterity (+5).
   rF:        It makes you vulnerable to fire.
   rPois:     It protects you from poison.
   rCorr:     It protects you from acid and corrosion.
Jewellery
 k - a +5 ring of evasion (left hand)
 t - an amulet of magic regeneration (around neck)
 y - a +6 ring of strength (right hand)
Wands
 n - a wand of polymorph (8)
 q - a wand of flame (19)
 A - a wand of quicksilver (6)
Scrolls
 b - 4 scrolls of immolation
 j - 2 scrolls of amnesia
 v - a scroll of fog
 B - a scroll of poison
 D - a scroll of enchant armour
Potions
 f - 5 potions of curing
 i - 2 potions of resistance
 l - 2 potions of haste
 o - 3 potions of attraction {unknown}
 r - a potion of might {unknown}
 s - 2 potions of heal wounds {unknown}
 u - a potion of invisibility {unknown}
 x - 2 potions of berserk rage {unknown}
 z - a potion of degeneration {unknown}
 C - 3 potions of flight


   Skills:
 + Level 7.0 Fighting
 - Level 10.0 Ranged Weapons
 - Level 2.4 Dodging
 - Level 1.3 Stealth
 - Level 6.0 Spellcasting
 - Level 9.0 Hexes
 - Level 9.0 Translocations


You had 19 spell levels left.
You knew the following spells:

 Your Spells              Type           Power      Damage    Failure   Level
a - Portal Projectile     Hex/Tloc       42%        N/A       1%          3

Your spell library contained the following spells:

 Spells                   Type           Power      Damage    Failure   Level
 Tukima's Dance           Hex            21%        N/A       1%          3
 Passage of Golubria      Tloc           21%        N/A       6%          4
 Beastly Appendage        Tmut           6%         N/A       26%         1
 Wereblood                Tmut           3%         N/A       36%         2
 Leda's Liquefaction      Hex/Erth       6%         N/A       38%         4
 Call Canine Familiar     Summ           3%         N/A       61%         3
 Spider Form              Tmut/Pois      3%         N/A       61%         3
 Yara's Violent Unravell  Hex/Tmut       6%         3d5       75%         5
 Summon Lightning Spire   Summ/Air       3%         N/A       95%         4
 Lee's Rapid Deconstruct  Erth           1%         3d4*      100%        5
 Statue Form              Tmut/Erth      2%         N/A       100%        6
 Storm Form               Tmut/Air       1%         N/A       100%        7
 Maxwell's Capacitive Co  Air            1%         ∞         100%        8


Dungeon Overview and Level Annotations

Branches:
Dungeon (9/15)             Temple (0/1) D:5            Lair (0/5) D:8
 Bailey (1/1)
    Orc: D:9-12

Altars:
Ashenzari
Gozag
Hepliaklqana
Kikubaaqudgha
Okawaru
Sif Muna
Trog
Vehumet
Xom
Zin
The Shining One

Shops:
D:3 :

Annotations:
D:6 2 transporters, Valamore's ghost, amateur DrCj


Innate Abilities, Weirdness & Mutations

Your life essence is reduced to manifest your ancestor. (-10% HP)
You are small and have problems with some larger weapons.
You are completely attuned to the shadows.


Message History

The orc knight easily resists.
Aiming: Paralyse
Press: ? - help, Shift-Dir - straight line, f/p - orc knight
Aim: an orc knight, wielding a +0 war axe and wearing a +0 plate armour (lightly wounded, chance to affect: 31%)
The orc knight suddenly stops moving!
The now-empty wand crumbles to dust.
The gnoll attacks as you move away! The gnoll misses you.
You enter the shallow water.
Moving in this stuff is going to be slow.
Items here: ( †††††.
You shoot an arrow. The arrow hits the gnoll.
The gnoll is lightly wounded.
The gnoll splashes around in the water.
You shoot an arrow. The arrow hits the gnoll!
You kill the gnoll!
You hear a splash. x2
Your Fighting skill increases to level 7!
You shoot an arrow. The arrow hits the orc warrior!
The orc warrior is heavily wounded.
You shoot an arrow.
The arrow closely misses the orc warrior.
The orc warrior hits you with a +0 war axe!
You shoot an arrow.
The arrow closely misses the orc warrior.
The orc warrior splashes around in the water.
You shoot an arrow.
The arrow hits the orc warrior but does no damage.
The orc warrior is heavily wounded.
The orc warrior barely misses you.
You shoot an arrow.
The arrow barely misses the orc warrior.
The orc warrior hits you with a +0 war axe.
You shoot an arrow.
The arrow barely misses the orc warrior.
The orc warrior misses you.
The orc knight roars a battlecry!
The orc warrior goes into a battle-frenzy!
As you read the scroll of teleportation, it crumbles to dust.
You feel strangely unstable.
The orc warrior hits you with a +0 war axe!!
You die...

####... ####.....#
###.......##
####......∩..##
####.............#
###...))...≈≈≈≈≈≈≈≈≈
##.......~≈≈≈≈≈≈≈≈≈≈≈
##......≈≈≈≈≈#########
#....@≈≈≈≈≈≈∩#.gggo.o
#≈≈≈≈≈≈≈o≈≈.####
≈≈≈≈≈≈≈......#..####'
#####......###....)(.
##...o.#['..####o
......###..#
...⌠....#o.#
........#'## #
.........o)#########


You could see an orc knight and an orc warrior (strong).

Vanquished Creatures
  An orc knight (Bailey)
  Maurice (D:8)
  A rime drake (D:8)
  Prince Ribbit (D:5)
  A shadow (D:9)
  A wraith (D:7)
  2 steam dragons
  Edmund (D:6)
  2 water moccasins
  3 ice beasts
  3 orc warriors
  4 centaurs
  2 wolves (D:8)
  An ogre (D:5)
  A kobold brigand (D:6)
  2 necrophages (D:7)
  A gnoll sergeant (D:6)
  3 bullfrogs
  4 scorpions
  7 wights
  2 howler monkeys (D:8)
  Crazy Yiuf (D:5)
  3 jellies
  3 orc priests
  2 hounds (D:5)
  2 orc wizards
  Robin (D:2)
  7 adders
  10 gnolls
  2 shadow imps (D:7)
  2 ufetubi
  2 worms
  4 dart slugs
  36 orcs
  5 bats
  7 endoplasms
  2 giant cockroaches
  19 goblins
  10 hobgoblins
  24 kobolds
  7 quokkas
  6 ball pythons
  3 frilled lizards
  5 rats
207 creatures vanquished.

Vanquished Creatures (collateral kills)
  A two-headed ogre (D:8)
  A polar bear (D:8)
  A wyvern (D:8)
  A steam dragon (D:8)
  2 ice beasts (D:8)
  A black bear (D:6)
  An ogre (D:7)
  A kobold brigand (D:7)
  2 phantoms (D:6)
  2 bullfrogs (D:8)
  2 necrophages
  A wight (D:6)
  A hound (D:5)
  A gnoll (D:6)
  An adder (D:5)
  An orc (D:7)
  2 goblins (Bailey)
  4 kobolds
26 creatures vanquished.

Vanquished Creatures (others)
  2 knights
  An ancestor (D:6)
3 creatures vanquished.

Grand Total: 236 creatures vanquished

Notes
Turn   | Place    | Note
-------+----------+-------------------------------------------
     0 | D:1      | Newt the Kobold Hunter began the quest for the Orb.
     0 | D:1      | Reached XP level 1. HP: 12/12 MP: 1/1
   134 | D:1      | Reached XP level 2. HP: 18/18 MP: 2/2
   341 | D:1      | Reached XP level 3. HP: 23/23 MP: 3/3
   742 | D:2      | Noticed Robin
  1006 | D:2      | Killed Robin
  1007 | D:2      | Reached XP level 4. HP: 28/30 MP: 4/4
  1419 | D:3      | Reached skill level 5 in Fighting
  1447 | D:3      | Found Satohet's Book Shoppe.
  1583 | D:3      | Noticed a centaur
  1587 | D:3      | Killed a centaur
  1588 | D:3      | Reached skill level 6 in Ranged Weapons
  1588 | D:3      | Reached XP level 5. HP: 35/35 MP: 5/5
  1764 | D:3      | Reached skill level 7 in Ranged Weapons
  1768 | D:3      | Reached XP level 6. HP: 40/40 MP: 6/6
  1966 | D:3      | Identified the +4 leather armour "Ungi" {rPois rF- rCorr
                  | Dex+5}
  2061 | D:3      | Reached skill level 8 in Ranged Weapons
  2595 | D:3      | Found a hazy altar of Hepliaklqana.
  2600 | D:3      | Became a worshipper of Hepliaklqana the Forgotten
  2700 | D:4      | Reached XP level 7. HP: 44/44 MP: 7/7
  2763 | D:4      | Reached skill level 9 in Ranged Weapons
  2959 | D:4      | Noticed a water moccasin
  2970 | D:4      | Killed a water moccasin
  3549 | D:4      | Found a shimmering blue altar of Sif Muna.
  3668 | D:5      | Entered Level 5 of the Dungeon
  3703 | D:5      | Noticed Prince Ribbit
  3715 | D:5      | Killed Prince Ribbit
  3716 | D:5      | Reached skill level 10 in Ranged Weapons
  3716 | D:5      | Reached XP level 8. HP: 28/49 MP: 7/12
  3898 | D:5      | Reached skill level 1 in Hexes
  3898 | D:5      | Reached skill level 1 in Translocations
  4015 | D:5      | Found a staircase to the Ecumenical Temple.
  4015 | D:5      | Reached * piety under Hepliaklqana
  4140 | D:5      | Found a glowing golden altar of the Shining One.
  4561 | D:5      | Found a runed translucent door.
  4564 | D:5      | Noticed Crazy Yiuf
  4569 | D:5      | Killed Crazy Yiuf
  4819 | D:5      | Found an ancient bone altar of Kikubaaqudgha.
  5054 | D:6      | Found a transporter.
  5057 | D:6      | Noticed Valamore's ghost (amateur DrCj)
  5191 | D:3      | Bought a book of the Hunter for 260 gold pieces
  5195 | D:3      | Learned a level 3 spell: Portal Projectile
  5341 | D:6      | Reached XP level 9. HP: 44/48 MP: 15/15
  5512 | D:6      | Reached skill level 5 in Hexes
  5512 | D:6      | Reached skill level 5 in Translocations
  5900 | D:6      | Found a transporter.
  5941 | D:6      | Reached ** piety under Hepliaklqana
  5942 | D:6      | Remembered your ancestor Nefertari as a knight
  6011 | D:6      | Noticed a manticore
  6323 | D:6      | Noticed Edmund
  6327 | D:6      | Killed Edmund
  6441 | D:7      | Reached XP level 10. HP: 38/53 MP: 10/16
  6959 | D:7      | Found a radiant altar of Vehumet.
  7099 | D:7      | Found a glowing silver altar of Zin.
  7285 | D:7      | Found an iron altar of Okawaru.
  7285 | D:7      | Found a bloodstained altar of Trog.
  7433 | D:8      | Noticed Maurice
  7439 | D:8      | Noticed a two-headed ogre
  7818 | D:8      | Killed a two-headed ogre
  8021 | D:8      | Noticed a rime drake
  8028 | D:8      | Killed a rime drake
  8193 | D:8      | Reached XP level 11. HP: 56/56 MP: 17/17
  8259 | D:8      | Reached *** piety under Hepliaklqana
  8259 | D:8      | Found a broken altar of Ashenzari.
  8386 | D:8      | Reached skill level 5 in Spellcasting
  8405 | D:8      | Found a staircase to the Lair.
  8925 | D:8      | Killed Maurice
  9085 | D:9      | Found an opulent altar of Gozag.
  9133 | D:9      | Found a shimmering altar of Xom.
  9169 | D:9      | Found a flagged portal.
  9228 | Bailey   | Entered a bailey
  9344 | Bailey   | Identified the +4 great mace "Geotseebli" {heavy, SInv}
  9385 | Bailey   | Noticed an orc knight
  9398 | Bailey   | Killed an orc knight
  9398 | Bailey   | Noticed an orc knight
  9428 | Bailey   | Slain by an orc warrior

Illustrated notes

Levels and vault maps discovered:
D:1:      saegor_arrival_simple_e, layout_rooms, chequers_avenue,
          dreamdust_princess_corridor
D:2:      layout_rooms, uniq_robin
D:3:      minmay_bubble_buster, layout_loops_ring,
          lemuel_coloured_pillars_altar, serial_shops, nicolae_shop_crystal,
          minmay_misc_feat_rows
D:4:      layout_gridville, mainiacjoe_overflow_concentric_impassable,
          minmay_misc_feat_pillars, minmay_misc_feat_five
D:5:      layout_loops_corners, lemuel_crystal_altar, kennysheep_mini_moat,
          minmay_temple_entry_glassed_door, st_stairs_6,
          nicolae_underground_beach, uniq_crazy_yiuf_cottage,
          uniq_prince_ribbit1
D:6:      layout_basic, gammafunk_ghost_arena, uniq_edmund
D:7:      layout_basic, grunt_temple_overflow_bloody_war, zin_statuary,
          mainiacjoe_overflow_catwalk
D:8:      layout_basic, evilmike_ruin_ashenzari, hellmonk_lair_entry_icy,
          hangedman_decor_opposing, uniq_maurice
D:9:      layout_stronghold, mainiacjoe_overflow_paths, amcnicky_altar_gilded,
          nicolae_overflow_hidden_temple, kennysheep_mini, enter_bailey_8,
          uniq_grum
Bailey:   bailey_axe_4, bailey

Skill      XL: |  1  2  3  4  5  6  7  8  9 10 11 |
---------------+----------------------------------+-----
Fighting       | 3 4 5 7 |  7.0
Ranged Weapons | 6 7 8 10 | 10.0
Spellcasting   | 3 4 6 |  6.0
Hexes          | 3 6 9 |  9.0
Translocations | 3 6 9 |  9.0
Dodging        | |  2.4
Stealth        | |  1.3

Action                     |  1- 3 |  4- 6 |  7- 9 | 10-12 || total
---------------------------+-------+-------+-------+-------++-------
   Fire: Shortbow          |    82 |   145 |   268 |   215 ||   710
  Throw: Boomerang         |       |       |       |     1 ||     1
   Cast: Portal Projectile |       |       |     3 |    19 ||    22
 Invoke: Ancestor Life: Kn |       |       |     1 |       ||     1
  Evoke: Wand              |       |       |       |     3 ||     3
    Use: Scroll            |     7 |     4 |     4 |     2 ||    17
         Potion            |     1 |       |       |       ||     1
 Armour: Leather armour    |    18 |    21 |    26 |    12 ||    77
  Dodge: Dodged            |    79 |    78 |   157 |    61 ||   375

Table legend: (Time is in decaauts)
 A = Elapsed time spent in this place.
 B = Non-inter-level travel time spent in this place.
 C = Inter-level travel time spent in this place.
 D = Time resting spent in this place.
 E = Time spent auto-exploring this place.
 F = Levels seen in this place.
 G = Mean time per level.
                   A        B        C        D        E       F      G
               +--------+--------+--------+--------+--------+-----+--------+
         Total |   9527 |   8965 |    562 |   1426 |   6131 |  10 |  952.7 |
       Dungeon |   9324 |   8762 |    562 |   1426 |   6023 |   9 | 1036.0 |
        Bailey |    203 |    203 |      0 |      0 |    107 |   1 |  203.0 |
               +--------+--------+--------+--------+--------+-----+--------+

Top non-repeatable levels by time:
     D:5: 1620 daAuts
     D:8: 1550 daAuts
     D:3: 1366 daAuts
     D:7: 1133 daAuts
     D:4: 1110 daAuts
     D:6: 965 daAuts
     D:2: 707 daAuts
     D:1: 694 daAuts
  Bailey: 203 daAuts
     D:9: 175 daAuts
